 Dungeon Crawl Stone Soup version 0.14.0-12-g87ee3b7 (console) character file.

149062 xw the Severer (level 16, -2/235 HPs)
             Began as a Minotaur Fighter on Apr 16, 2014.
             Was the Champion of Trog.
             Slain by a shock serpent (18 damage)
             ... on Level 5 of the Snake Pit.
             The game lasted 00:17:13 (32354 turns).

xw the Severer (Minotaur Fighter)                  Turns: 32354, Time: 00:17:13

HP  -2/235       AC 22     Str 36      XL: 16   Next: 90%
MP   6/6         EV  8     Int  5      God: Trog [******]
Gold 2053        SH 45     Dex 10      Spells:  0 memorised, 15 levels left

rFire  . . .     SeeInvis +     P - +2,+4 broad axe (elec) {god gift}
rCold  . . .     Clarity  .     p - +0 plate armour
rNeg   . . .     Conserve .     u - +0 large shield
rPois  +         rCorr    .     (helmet unavailable)
rElec  .         rRot     .     d - +0 cloak
SustAb . .       Spirit   .     I - +1 pair of gloves
rMut   .         Warding  .     (no boots)
Saprov . . .     Stasis   .     b - amulet "Skytz" {Faith Str+3 Dex-2}
MR     ++...                    G - ring of see invisible
                                f - ring of poison resistance

@: berserking (expiring), very quick, very resistant to hostile enchantments,
extremely unstealthy
A: retaliatory headbutt, horns 3, breathe flames 1, magic resistance 1, sense
surroundings 1, regeneration 1, spit poison 1, strong 1
a: Spit Poison, Burn Spellbooks, Berserk, Trog's Hand, Brothers in Arms,
Renounce Religion, Breathe Fire


You were on level 5 of the Snake Pit.
You worshipped Trog.
Trog was exalted by your worship.
You were not hungry.

You visited 3 branches of the dungeon, and saw 28 of its levels.

You collected 2053 gold pieces.

Inventory:

Hand weapons
 y - a +2,+2 war axe {mapnotes,swamp,snakepit,,lair,d15}
 P - a +2,+4 broad axe of electrocution (weapon) {god gift}
Armour
 c - a +0 plate armour of fire resistance
 d - a +0 cloak (worn)
 p - a +0 plate armour (worn)
 u - a +0 large shield (worn)
 I - a +1 pair of gloves (worn)
Magical devices
 j - a wand of magic darts (11)
 o - a wand of cold (5)
 r - a wand of lightning (6)
 t - a wand of hasting (3)
 x - a wand of draining (6)
 z - a wand of draining (1)
 D - a wand of disintegration (14)
 H - a wand of fireball (3)
 L - a wand of polymorph (11)
 M - a wand of draining (1)
 N - a wand of fire (1)
 O - a wand of draining (7)
 Q - a wand of frost (3)
 R - a wand of flame (10)
Comestibles
 h - a cheese
 k - 8 meat rations
 n - 10 bread rations
 w - a lemon
 B - 25 sultanas
 J - 6 apricots
 V - a choko
 X - a lychee
Scrolls
 a - 6 scrolls of identify
 g - 7 scrolls of remove curse
 l - 2 scrolls of teleportation
 m - a scroll of vulnerability {unknown}
 A - 4 scrolls of fog
 C - 2 scrolls of silence
 E - 3 scrolls of recharging
Jewellery
 b - the amulet "Skytz" (around neck) {Faith Str+3 Dex-2}
   (You found it on level 1 of the Lair of Beasts)

   [amulet of faith]

   It affects your strength (+3).
   It affects your dexterity (-2).
 f - a ring of poison resistance (left hand)
 F - an uncursed amulet of guardian spirit
 G - a ring of see invisible (right hand)
 K - an uncursed ring of fire
 S - an uncursed ring of sustain abilities
 U - an uncursed ring of sustain abilities
 Z - a cursed ring of fire
Potions
 e - a potion of might
 q - a potion of haste
 s - 12 potions of curing
 v - 2 potions of agility
 T - a potion of restore abilities
 Y - a potion of resistance


   Skills:
 + Level 17.8 Fighting
 - Level 18.0 Axes
 + Level 17.8 Armour
 + Level 10.2 Dodging
 + Level 14.9 Shields


You had 15 spell levels left.
You didn't know any spells.

Dungeon Overview and Level Annotations

Branches:
Dungeon (15/15)            Temple (0/1) D:5             Orc (0/4) D:9
   Lair (8/8) D:10          Swamp (0/5) Lair:5        Snake (5/5) Lair:6
  Slime (0/6) Lair:8       Vaults (0/5) D:13         Depths (0/5) D:15

Altars:
Ashenzari
Cheibriados
Dithmenos
Elyvilon
Okawaru
Sif Muna
Trog
Yredelemnul
Zin
The Shining One
Jiyva

Shops:
D:7 }*?   D:10 %   D:11 *   D:14 *

Portals:
Trove: D:14 (give +4,+5 demon trident)

Annotations:
Snake:5 Vashnia


Innate Abilities, Weirdness & Mutations

You reflexively headbutt those who attack you in melee.
You have a pair of large horns on your head.
You can breathe flames.
You are resistant to hostile enchantments.
You passively map a small area around you.
Your natural rate of healing is unusually fast.
You can spit poison.
Your muscles are strong. (Str +2)


Message History

32345 ||| turn Vashnia gestures wildly while chanting.
Magically, Vashnia shoots an arrow of frost.
32346 ||| turn The naga sharpshooter shoots an arrow of flame.
32347 ||| turn The naga spits poison at you.
The naga sharpshooter shoots an arrow of flame.
32348 ||| turn
32349 ||| turn
32350 ||| turn
32351 ||| turn
32352 ||| turn Vashnia shoots an arrow of frost.
The naga sharpshooter gestures wildly while chanting.
Magically, the naga sharpshooter shoots an arrow of flame.
32353 ||| turn Vashnia shoots an arrow of frost.
32354 ||| turn You die...

#..........#. *#...
##..........#, #... *
##...........# 77#...
##......(.....777~~...
#...........777~~~P7..
##.......(..7777~~~~~7. ,
#.......((.~7*~~~~~~~~~
...#N..))(()(77P~~PP~~~~PP
*
#.......SH.(7)~~~~P~~~~~~~
#......)...7~~~P~~~~~~~~P~
*..........P~PP~~~~~~~~~~~
......##..N..............
...... #..~~~~~~~~ ~~~~~~
* .##.. #.~~~~~~~~ PP~~~ ,
#$ #?7~~~~~~ ~P .. ##7~~~
~ * *


You could see Vashnia, a naga sharpshooter and a shock serpent.

Vanquished Creatures
  Rupert (Lair:8)
  Kirke (Snake:5)
  Roxanne (D:14)
  4 greater nagas
  Maud (D:14)
  Aizul (Snake:3)
  Azrael (Snake:2)
  Snorg (Lair:8)
  A fire dragon (D:15)
  4 vault guards
  3 hydras
  7 naga warriors
  2 ice dragons (D:15)
  A ravenous feature mimic (Lair:8)
  Erica (Lair:6)
  7 anacondas
  An ogre mage (D:15)
  17 death yaks
  8 naga sharpshooters
  2 shock serpents
  Nergalle (Lair:8)
  3 catoblepae (Lair:8)
  Erolcha (D:12)
  8 sea snakes
  A swamp dragon (shapeshifter) (D:13)
  3 naga ritualists
  7 hill giants
  A manticore (D:15)
  2 griffons
  4 cyclopes
  7 mana vipers
  7 salamanders
  34 black mambas
  4 guardian serpents
  7 spiny frogs
  A kobold demonologist (D:12)
  11 naga magi
  4 fire drakes
  A centaur zombie (D:13)
  7 komodo dragons
  2 efreet
  Grinder (D:5)
  3 polar bears
  2 giant leeches (Lair:5)
  A centaur skeleton (D:12)
  A deep elf priest (D:14)
  2 trolls
  Prince Ribbit (D:7)
  11 slime creatures
  A trapdoor spider zombie (D:13)
  A raven (Lair:5)
  5 two-headed ogres
  18 blink frogs
  5 basilisks
  A grizzly bear (Lair:2)
  A trapdoor spider (D:12)
  12 ugly things
  A deep elf mage (D:13)
  A spriggan (shapeshifter) (D:13)
  4 wyverns
  2 deep elf fighters (D:14)
  5 elephant slugs
  4 hungry ghosts
  3 fire bats (Lair:2)
  100 yaks
  3 vampire mosquitoes (D:15)
  A fire elemental (Snake:2)
  6 hogs (Snake:5)
  6 sharks
  10 wolves
  A warg (shapeshifter) (D:13)
  2 mottled dragons
  35 nagas
  Edmund (D:7)
  11 hippogriffs
  3 hell hounds (Snake:2)
  27 water moccasins
  14 porcupines
  A black bear (Lair:3)
  3 sky beasts
  4 phantoms
  7 orc warriors
  14 ogres
  10 centaurs
  A giant goldfish (Lair:1)
  A yellow wasp (D:12)
  5 ice beasts
  18 crocodiles
  14 giant frogs
  Duvessa (D:7)
  16 giant slugs
  6 big kobolds
  4 scorpions
  A hippogriff zombie (D:11)
  A giant goldfish zombie (D:7)
  2 eyes of draining
  An electric eel (Lair:1)
  4 killer bees (D:9)
  12 wights
  5 quasits
  Dowan (D:7)
  8 crimson imps
  19 hounds
  3 big fish
  3 giant frog skeletons
  7 orc priests
  19 orc wizards
  7 goliath beetles
  4 jellies
  7 iguanas
  10 worker ants
  An orange rat (D:8)
  20 sheep
  Ijyb (D:2)
  A hound zombie (D:7)
  2 mummies
  A big fish zombie (D:7)
  8 gnolls
  73 green rats
  33 adders
  2 shadow imps
  3 giant mites
  4 worms
  2 iguana skeletons (D:9)
  2 giant eyeballs
  6 giant geckos
  45 orcs
  A ball python (Snake:5)
  19 bats
  12 goblins
  12 hobgoblins
  28 jackals
  4 giant cockroaches
  A giant gecko zombie (D:6)
  5 giant newts
  A goblin skeleton (D:5)
  34 kobolds
  3 orc skeletons
  17 quokkas
  32 rats
  A spectral orc (Lair:8)
  6 fungi
  4 plants
1090 creatures vanquished.

Vanquished Creatures (collateral kills)
  3 hydras
  A centaur skeleton (D:14)
  2 yaks (Lair:6)
  A sheep (Lair:3)
  2 jackals (Lair:3)
9 creatures vanquished.

Vanquished Creatures (others)
  A hill giant (Lair:3)
  4 fungi
  5 plants
10 creatures vanquished.

Grand Total: 1109 creatures vanquished

Notes
Turn   | Place    | Note
--------------------------------------------------------------
     0 | D:1      | xw, the Minotaur Fighter, began the quest for the Orb.
     0 | D:1      | Reached XP level 1. HP: 19/19 MP: 1/1
    19 | D:1      | Fleeing towards (-1,1) corridor
    20 | D:1      | Fleeing towards (-1,0) corridor
   335 | D:1      | Reached XP level 2. HP: 26/26 MP: 1/1
   352 | D:1      | Fleeing towards (0,-4) corridor
   837 | D:1      | TESTING POTIONS
   838 | D:1      | TESTING POTIONS
   839 | D:1      | TESTING POTIONS
   840 | D:1      | TESTING SCROLLS
   841 | D:1      | TESTING SCROLLS
   842 | D:1      | TESTING SCROLLS
   843 | D:1      | TESTING SCROLLS
   844 | D:1      | TESTING SCROLLS
   845 | D:1      | New armour: hat (10)
   847 | D:1      | New armour: chain mail (1010)
   847 | D:1      | Old armour: +0 scale mail (960)
   862 | D:1      | Dropping junk armour
   863 | D:1      | Dropping junk armour
   873 | D:1      | Reached skill level 4 in Axes
   914 | D:2      | Fleeing towards (-1,-1) corridor
   917 | D:2      | Reached XP level 3. HP: 31/31 MP: 2/2
   921 | D:2      | Fleeing towards (-1,-1) corridor
   935 | D:2      | Reached skill level 5 in Axes
  1343 | D:2      | Reached XP level 4. HP: 39/39 MP: 2/2
  1662 | D:2      | Noticed Ijyb
  1671 | D:2      | Killed Ijyb
  1744 | D:2      | Reached skill level 6 in Axes
  2147 | D:2      | Found a deep blue altar of Sif Muna.
  2173 | D:2      | WEARING RING 1 tubular golden ring
  2174 | D:2      | TESTING POTIONS
  2175 | D:2      | TESTING SCROLLS
  2176 | D:2      | REMOVING BAD RING: ring of flight
  2178 | D:2      | New armour: plate armour (1210)
  2178 | D:2      | Old armour: +0 chain mail (1010)
  2197 | D:2      | Dropping junk armour
  2254 | D:3      | Reached XP level 5. HP: 45/45 MP: 2/2
  2979 | D:3      | Fleeing towards (4,0) corridor
  2983 | D:3      | Fleeing towards (1,1) corridor
  3298 | D:3      | TESTING POTIONS
  3299 | D:3      | TESTING SCROLLS
  3300 | D:3      | TRYING WAND
  3301 | D:3      | TRYING WAND
  3302 | D:3      | Dropping junk: wand of digging {zapped: 1}
  3316 | D:4      | Reached skill level 7 in Axes
  3328 | D:4      | Found a bloodstained altar of Trog.
  3330 | D:4      | Noticed an ogre
  3332 | D:4      | Fleeing towards (1,0) corridor
  3333 | D:4      | Fleeing towards (1,0) corridor
  3334 | D:4      | Fleeing towards (1,1) corridor
  3347 | D:4      | Killed an ogre
  3347 | D:4      | Reached XP level 6. HP: 41/51 MP: 3/3
  3409 | D:4      | Noticed a phantom
  3411 | D:4      | Became a worshipper of Trog the Wrathful
  3456 | D:4      | Killed a phantom
  3456 | D:4      | Reached skill level 8 in Axes
  3749 | D:4      | Noticed an ogre
  3757 | D:4      | Killed an ogre
  3757 | D:4      | Reached skill level 9 in Axes
  4080 | D:4      | Reached XP level 7. HP: 54/57 MP: 3/3
  4211 | D:4      | TESTING POTIONS
  4212 | D:4      | TESTING POTIONS
  4212 | D:4      | Gained mutation: You can spit poison. [potion of beneficial mutation]
  4213 | D:4      | TESTING SCROLLS
  4214 | D:4      | TRYING WAND
  4218 | D:4      | Dropping junk: wand of confusion {zapped: 1}
  4219 | D:4      | TRYING WAND
  4257 | D:5      | Entered Level 5 of the Dungeon
  4271 | D:5      | Noticed Grinder
  4276 | D:5      | Paralysed by Grinder for 6 turns
  4306 | D:5      | Killed Grinder
  4306 | D:5      | Reached skill level 10 in Axes
  4630 | D:5      | Fleeing towards (-5,1) corridor
  4631 | D:5      | Fleeing towards (-2,0) corridor
  4781 | D:5      | Found a snail-covered altar of Cheibriados.
  4890 | D:5      | Found a staircase to the Ecumenical Temple.
  4922 | D:5      | TESTING SCROLLS
  4923 | D:5      | TESTING SCROLLS
  4924 | D:5      | Dropping junk: scroll of blinking
  4925 | D:5      | New armour: cloak (10)
  5001 | D:6      | Acquired Trog's first power
  5095 | D:6      | INVISIBILITY
  5109 | D:6      | Reached XP level 8. HP: 50/66 MP: 3/3
  5309 | D:6      | Reached skill level 11 in Axes
  5371 | D:6      | Found a shattered altar of Ashenzari.
  5574 | D:6      | Reached skill level 5 in Armour
  5656 | D:6      | Reached skill level 5 in Fighting
  5664 | D:6      | Acquired Trog's second power
  6025 | D:6      | TESTING POTIONS
  6026 | D:6      | TESTING POTIONS
  6092 | D:6      | TESTING SCROLLS
  6120 | D:6      | TESTING SCROLLS
  6121 | D:6      | TESTING SCROLLS
  6122 | D:6      | TRYING WAND
  6123 | D:6      | Enchanting +0 hat
  6391 | D:7      | Reached skill level 12 in Axes
  6402 | D:7      | Fleeing towards (1,0) corridor
  6402 | D:7      | Found Prusm's Magic Scroll Shoppe.
  6403 | D:7      | Fleeing towards (0,-1) corridor
  6404 | D:7      | Fleeing towards (0,-1) corridor
  6405 | D:7      | Fleeing towards (0,-1) corridor
  6406 | D:7      | Fleeing towards (0,-1) corridor
  6407 | D:7      | Fleeing towards (0,-1) corridor
  6688 | D:7      | Fleeing towards (-4,-5) corridor
  6689 | D:7      | Fleeing towards (-4,-5) corridor
  6691 | D:7      | Fleeing towards (-2,-2) corridor
  6694 | D:7      | Fleeing towards (-1,0) corridor
  6695 | D:7      | Fleeing towards (-1,0) corridor
  6696 | D:7      | Fleeing towards (-1,0) corridor
  6697 | D:7      | Fleeing towards (-1,0) corridor
  6733 | D:7      | Noticed Duvessa
  6735 | D:7      | Noticed Dowan
  6738 | D:7      | Reached XP level 9. HP: 75/75 MP: 4/4
  6741 | D:7      | Killed Duvessa
  6743 | D:7      | Killed Dowan
  6750 | D:7      | Noticed Prince Ribbit
  6757 | D:7      | Killed Prince Ribbit
  6823 | D:7      | BENEFICIAL MUTATION
  6823 | D:7      | Gained mutation: You have a pair of large horns on your head. [potion of beneficial mutation]
  6844 | D:7      | Fleeing towards (3,-7) corridor
  6845 | D:7      | Fleeing towards (3,-6) corridor
  6860 | D:7      | Invisible monster
  6987 | D:7      | Found Coanuuz's Gadget Emporium.
  7000 | D:7      | Found Triyhiyd's Assorted Antiques.
  7062 | D:7      | Noticed Edmund
  7069 | D:7      | Killed Edmund
  7316 | D:7      | Found a basalt altar of Yredelemnul.
  7318 | D:7      | WEARING RING 1 tourmaline ring
  7319 | D:7      | TESTING POTIONS
  7319 | D:7      | Gained mutation: Your muscles are strong. (Str +2) [potion of mutation]
  7319 | D:7      | Gained mutation: You are resistant to hostile enchantments. [potion of mutation]
  7319 | D:7      | Gained mutation: Your natural rate of healing is unusually fast. [potion of mutation]
  7321 | D:7      | REMOVING BAD RING: -2 ring of evasion
  7323 | D:7      | Dropping junk armour
  7424 | D:8      | Fleeing towards (-2,0) corridor
  7425 | D:8      | Fleeing towards (-2,1) corridor
  7435 | D:8      | Fleeing towards (-7,1) corridor
  7450 | D:8      | Reached skill level 13 in Axes
  7600 | D:8      | Found a glowing silver altar of Zin.
  7601 | D:8      | Found a glowing golden altar of the Shining One.
  7601 | D:8      | Found a white marble altar of Elyvilon.
  7664 | D:8      | Invisible monster
  7712 | D:8      | Fleeing towards (-1,0) corridor
  7850 | D:8      | FLEEEEING
  7851 | D:8      | FLEEEEING
  8172 | D:8      | Reached XP level 10. HP: 88/88 MP: 4/4
  8386 | D:8      | Fleeing towards (-1,-2) corridor
  8387 | D:8      | Fleeing towards (0,-1) corridor
  8388 | D:8      | Fleeing towards (1,-1) corridor
  8484 | D:8      | Fleeing towards (-1,2) corridor
  8531 | D:8      | Fleeing towards (-2,-6) corridor
  8533 | D:8      | Fleeing towards (-1,-4) corridor
  8535 | D:8      | Fleeing towards (-1,-2) corridor
  8548 | D:8      | Acquired Trog's third power
  8625 | D:8      | Found a shadowy altar of Dithmenos.
  8665 | D:8      | Fleeing towards (0,-4) corridor
  8666 | D:8      | Fleeing towards (1,-2) corridor
  8822 | D:8      | Reached skill level 14 in Axes
  8913 | D:8      | FLEEEEING
  8960 | D:8      | WEARING RING 1 glowing brass ring
  8961 | D:8      | TESTING SCROLLS
  8963 | D:8      | Dropping junk: potion of flight
  8964 | D:8      | Dropping junk: scroll of fear
  9181 | D:9      | Found a staircase to the Orcish Mines.
  9522 | D:9      | Fleeing towards (-3,2) corridor
  9524 | D:9      | Fleeing towards (-1,-1) corridor
  9525 | D:9      | Fleeing towards (-1,-1) corridor
  9597 | D:9      | Paralysed by a giant eyeball for 4 turns
  9935 | D:9      | Fleeing towards (0,1) corridor
  9936 | D:9      | Fleeing towards (1,0) corridor
  9937 | D:9      | Fleeing towards (1,-1) corridor
  9938 | D:9      | Fleeing towards (0,-1) corridor
  9939 | D:9      | Fleeing towards (0,-1) corridor
  9940 | D:9      | Fleeing towards (0,-1) corridor
  9941 | D:9      | Fleeing towards (0,-1) corridor
 10005 | D:9      | Reached skill level 15 in Axes
 10157 | D:9      | Fleeing towards (5,1) corridor
 10158 | D:9      | Fleeing towards (5,0) corridor
 10159 | D:9      | Fleeing towards (5,0) corridor
 10160 | D:9      | Fleeing towards (5,-1) corridor
 10161 | D:9      | Fleeing towards (5,-2) corridor
 10163 | D:9      | Fleeing towards (3,-2) corridor
 10403 | D:9      | Dropping junk: potion of brilliance
 10404 | D:9      | UPGRADING WEAPON TO broad axe
 10405 | D:9      | ENCHANT WEAPON
 10406 | D:9      | ENCHANT WEAPON
 10407 | D:9      | ENCHANT WEAPON
 10467 | D:10     | Entered Level 10 of the Dungeon
 10942 | D:10     | Reached XP level 11. HP: 97/97 MP: 4/4
 10963 | D:10     | Received a gift from Trog
 10964 | D:10     | Noticed a cyclops
 10978 | D:10     | Killed a cyclops
 11264 | D:10     | Fleeing towards (0,-5) corridor
 11326 | D:10     | Reached skill level 10 in Armour
 11425 | D:10     | Found a staircase to the Lair.
 11434 | D:10     | Fleeing towards (-5,-4) corridor
 11435 | D:10     | Fleeing towards (-5,-4) corridor
 11436 | D:10     | Fleeing towards (-5,-5) corridor
 11437 | D:10     | Fleeing towards (-5,-5) corridor
 11438 | D:10     | Fleeing towards (-5,-5) corridor
 11439 | D:10     | Fleeing towards (-4,-4) corridor
 11440 | D:10     | Fleeing towards (-3,-4) corridor
 11578 | D:10     | Reached skill level 10 in Fighting
 11616 | D:10     | Found Shruf's Food Emporium.
 11658 | Lair:1   | Entered Level 1 of the Lair of Beasts
 11809 | Lair:1   | ignoring quokka
 11822 | Lair:1   | HEAL WOUNDS
 11949 | Lair:1   | Reached skill level 16 in Axes
 12107 | Lair:1   | Received a gift from Trog
 12362 | Lair:1   | Got a warped ivory amulet
 12528 | Lair:1   | Found a snail-covered altar of Cheibriados.
 12769 | Lair:1   | WEARING AMULET
 12770 | Lair:1   | WEARING RING 2 glass ring
 12771 | Lair:1   | TESTING POTIONS
 12772 | Lair:1   | TESTING SCROLLS
 12773 | Lair:1   | TESTING SCROLLS
 12774 | Lair:1   | Identified the amulet "Skytz" {Faith Str+3 Dex-2} (You found it on level 1 of the Lair of Beasts)
 12776 | Lair:1   | Dropping junk: scroll of random uselessness
 12777 | Lair:1   | New armour: pair of gloves (10)
 12779 | Lair:1   | TRYING WAND
 12780 | Lair:1   | ENCHANT WEAPON
 12781 | Lair:1   | Enchanting +0 pair of gloves
 12825 | Lair:2   | You fall through a shaft for 2 floors!
 12862 | Lair:4   | ignoring basilisk
 13342 | Lair:4   | Received a gift from Trog
 13478 | Lair:4   | Reached skill level 17 in Axes
 13478 | Lair:4   | Reached XP level 12. HP: 85/110 MP: 5/5
 13643 | Lair:4   | ignoring giant slug
 13841 | Lair:4   | TRYING WAND
 14071 | Lair:5   | Received a gift from Trog
 14103 | Lair:5   | ignoring blink frog
 14180 | Lair:5   | Noticed a fire drake
 14186 | Lair:5   | Killed a fire drake
 14235 | Lair:5   | ignoring komodo dragon
 14435 | Lair:5   | Noticed a six-headed hydra
 14437 | Lair:5   | Killed a six-headed hydra
 14620 | Lair:5   | ignoring raven
 14631 | Lair:5   | Found a staircase to the Swamp.
 14632 | Lair:5   | Found Swamp
 14637 | Lair:5   | ignoring porcupine
 14642 | Lair:5   | Reached skill level 18 in Axes
 14846 | Lair:5   | Reached skill level 5 in Shields
 15200 | Lair:5   | TESTING POTIONS
 15248 | Lair:6   | Noticed a fire drake
 15252 | Lair:6   | Killed a fire drake
 15345 | Lair:6   | ignoring green rat
 15420 | Lair:6   | Noticed Erica
 15430 | Lair:6   | Killed Erica
 15523 | Lair:6   | Found a staircase to the Snake Pit.
 15524 | Lair:6   | Found Snake
 15611 | Lair:6   | Reached XP level 13. HP: 119/119 MP: 5/5
 15738 | Lair:6   | found mon behind water/lava
 15742 | Lair:6   | ZAP ZAP ZAP
 15742 | Lair:6   | ZAPPING wand of flame {zapped: 1}
 16146 | Lair:6   | Noticed a fire drake
 16151 | Lair:6   | Killed a fire drake
 16178 | Lair:6   | Noticed a seven-headed hydra
 16184 | Lair:6   | Killed a seven-headed hydra
 16189 | Lair:6   | Received a gift from Trog
 16410 | Lair:6   | ignoring yak
 16523 | Lair:6   | ignoring giant slug
 16564 | Lair:6   | TESTING POTIONS
 16564 | Lair:6   | Paralysed by a potion of paralysis for 7 turns
 16571 | Lair:6   | TESTING POTIONS
 16572 | Lair:6   | TRYING WAND
 16603 | Lair:6   | TRYING WAND
 16643 | Lair:6   | ignoring bat
 16787 | Lair:7   | ignoring green rat
 17170 | Lair:7   | ignoring crocodile
 17315 | Lair:7   | Received a gift from Trog
 17601 | Lair:7   | ignoring giant slug
 17724 | Lair:7   | Dropping junk: wand of digging
 17725 | Lair:7   | UPGRADING WEAPON TO runed broad axe {god gift}
 17726 | Lair:7   | Dropping junk weapon
 17778 | Lair:8   | Entered Level 8 of the Lair of Beasts
 17778 | Lair:8   | Found a labyrinth entrance.
 17829 | Lair:8   | Noticed Rupert
 17830 | Lair:8   | TROG'S HAND
 17832 | Lair:8   | Noticed Nergalle
 17843 | Lair:8   | Killed Rupert
 17846 | Lair:8   | Killed Nergalle
 17934 | Lair:8   | FLEEEEING
 17935 | Lair:8   | ZAP ZAP ZAP
 17935 | Lair:8   | ZAPPING wand of flame {zapped: 2}
 17959 | Lair:8   | FLEEEEING
 17960 | Lair:8   | FLEEEEING
 17961 | Lair:8   | FLEEEEING
 17962 | Lair:8   | FLEEEEING
 17963 | Lair:8   | ignoring death yak
 17963 | Lair:8   | ignoring catoblepas
 17966 | Lair:8   | FLEEEEING
 17976 | Lair:8   | HEAL WOUNDS
 17980 | Lair:8   | HEAL WOUNDS
 17981 | Lair:8   | HEAL WOUNDS
 17982 | Lair:8   | HEAL WOUNDS
 18340 | Lair:8   | ignoring yak
 18354 | Lair:8   | Reached XP level 14. HP: 111/132 MP: 5/5
 18423 | Lair:8   | Reached skill level 10 in Shields
 18535 | Lair:8   | FLEEEEING
 18580 | Lair:8   | Received a gift from Trog
 18939 | Lair:8   | Noticed Snorg
 18951 | Lair:8   | Killed Snorg
 18968 | Lair:8   | Found a staircase to the Slime Pits.
 18968 | Lair:8   | Found a viscous altar of Jiyva.
 19439 | Lair:8   | Received a gift from Trog
 19633 | Lair:8   | ignoring hippogriff
 19664 | Lair:8   | FLEEEEING
 19683 | Lair:8   | FLEEEEING
 20100 | Lair:3   | Reached skill level 15 in Armour
 20248 | Lair:3   | ignoring giant slug
 20297 | Lair:3   | ignoring elephant slug
 20402 | Lair:3   | Reached skill level 15 in Fighting
 20531 | Lair:3   | Received a gift from Trog
 20535 | Lair:3   | Reached skill level 1 in Dodging
 21439 | Lair:2   | ignoring big fish
 21442 | Lair:2   | ignoring porcupine
 21461 | Lair:2   | ignoring grizzly bear
 21540 | Lair:2   | Noticed a fire drake
 21544 | Lair:2   | Killed a fire drake
 21938 | D:10     | Dropping junk: potion of brilliance
 21939 | D:10     | Dropping junk: cursed -4 ring of strength
 21940 | D:10     | UPGRADING WEAPON TO runed broad axe {god gift}
 21941 | D:10     | Dropping junk weapon
 21997 | D:11     | Received a gift from Trog
 22172 | D:11     | Found Caron's Assorted Antiques.
 22373 | D:11     | BENEFICIAL MUTATION
 22373 | D:11     | Gained mutation: You passively map a small area around you. [potion of beneficial mutation]
 22439 | D:11     | Dropping junk: potion of berserk rage
 22462 | D:12     | READING TELEPORT
 22498 | D:12     | Fleeing towards (0,-2) corridor
 22499 | D:12     | Fleeing towards (-1,-1) corridor
 22504 | D:12     | Fleeing towards (1,-1) corridor
 22506 | D:12     | Fleeing towards (-1,-1) corridor
 22674 | D:12     | BENEFICIAL MUTATION
 22674 | D:12     | Gained mutation: You can breathe flames. [potion of beneficial mutation]
 22688 | D:12     | Noticed Erolcha
 22691 | D:12     | TROG'S HAND
 22693 | D:12     | INVISIBILITY
 22698 | D:12     | Killed Erolcha
 22698 | D:12     | Received a gift from Trog
 23074 | D:12     | Fleeing towards (0,-1) corridor
 23075 | D:12     | Fleeing towards (1,-1) corridor
 23221 | D:12     | Dropping junk: scroll of blinking
 23311 | D:13     | RESISTANCE POTION
 23315 | D:13     | Reached skill level 5 in Dodging
 23457 | D:13     | ignoring efreet
 23465 | D:13     | Reached XP level 15. HP: 141/141 MP: 6/6
 23687 | D:13     | Found a gate to the Vaults.
 23689 | D:13     | READING TELEPORT
 23935 | D:13     | TRYING WAND
 24018 | D:14     | FLEEEEING
 24019 | D:14     | FLEEEEING
 24149 | D:14     | Noticed Maud
 24159 | D:14     | Killed Maud
 24314 | D:14     | Received a gift from Trog
 24318 | D:14     | Noticed Roxanne
 24332 | D:14     | Killed Roxanne
 24419 | D:14     | Found Luihuxyu's Assorted Antiques.
 24451 | D:14     | Found a portal to a secret trove of treasure.
 24891 | D:15     | Entered Level 15 of the Dungeon
 24907 | D:15     | Fleeing towards (3,6) corridor
 24910 | D:15     | Fleeing towards (0,2) corridor
 24911 | D:15     | Fleeing towards (0,2) corridor
 24912 | D:15     | Fleeing towards (-1,2) corridor
 25216 | D:15     | RESISTANCE POTION
 25270 | D:15     | Found a staircase to the Depths.
 25313 | D:15     | TROG'S HAND
 25333 | D:15     | Received a gift from Trog
 25358 | D:15     | Fleeing towards (0,6) corridor
 25359 | D:15     | Fleeing towards (0,4) corridor
 25865 | D:15     | Fleeing towards (3,2) corridor
 26330 | Snake:1  | Entered Level 1 of the Snake Pit
 26624 | Snake:1  | HEAL WOUNDS
 26630 | Snake:1  | HEAL WOUNDS
 26965 | Snake:1  | Received a gift from Trog
 27473 | Snake:1  | Dropping junk: scroll of fear
 27474 | Snake:1  | Dropping junk: +2 ring of intelligence
 27475 | Snake:1  | Dropping junk: cursed ring of hunger
 27476 | Snake:1  | TRYING WAND
 27477 | Snake:1  | Dropping junk: wand of magic darts {zapped: 1}
 27708 | Snake:2  | Fleeing towards (6,0) corridor
 27988 | Snake:2  | Fleeing towards (1,2) corridor
 28070 | Snake:2  | Noticed Azrael
 28081 | Snake:2  | Killed Azrael
 28186 | Snake:2  | Reached XP level 16. HP: 152/152 MP: 6/6
 28590 | Snake:2  | Dropping junk: 2 pears
 28685 | Snake:2  | TESTING POTIONS
 28686 | Snake:2  | Dropping junk: potion of brilliance
 28921 | Snake:3  | Received a gift from Trog
 29326 | Snake:3  | Found an iron altar of Okawaru.
 29523 | Snake:3  | Noticed Aizul
 29524 | Snake:3  | TROG'S HAND
 29540 | Snake:3  | Killed Aizul
 29735 | Snake:3  | Fleeing towards (2,1) corridor
 29736 | Snake:3  | Fleeing towards (1,1) corridor
 29737 | Snake:3  | Fleeing towards (1,0) corridor
 29738 | Snake:3  | Fleeing towards (1,-1) corridor
 30215 | Snake:3  | Received a gift from Trog
 30380 | Snake:3  | Fleeing towards (-6,-1) corridor
 30457 | Snake:3  | Fleeing towards (-1,-5) corridor
 30458 | Snake:3  | Fleeing towards (0,-4) corridor
 30459 | Snake:3  | Fleeing towards (1,-3) corridor
 30528 | Snake:3  | UPGRADING WEAPON TO runed broad axe {god gift}
 30529 | Snake:3  | UPGRADING WEAPON TO +1,+4 broad axe of electrocution {god gift}
 30530 | Snake:3  | Dropping junk weapon
 30586 | Snake:4  | ignoring naga
 30667 | Snake:4  | ignoring water moccasin
 30847 | Snake:4  | New armour: large shield (210)
 30847 | Snake:4  | Old armour: +0 shield (110)
 30860 | Snake:4  | Dropping junk: wand of flame {zapped: 3}
 30867 | Snake:4  | Dropping junk: 7 chokos
 30984 | Snake:4  | Dropping junk: apple
 31275 | Snake:4  | ignoring sea snake
 31945 | Snake:4  | Dropping junk armour
 31946 | Snake:4  | ENCHANT WEAPON
 31984 | Snake:5  | Entered Level 5 of the Snake Pit
 32029 | Snake:5  | Reached skill level 10 in Dodging
 32210 | Snake:5  | Noticed Kirke
 32211 | Snake:5  | TROG'S HAND
 32216 | Snake:5  | HASTING
 32224 | Snake:5  | Killed Kirke
 32235 | Snake:5  | Received a gift from Trog
 32324 | Snake:5  | Noticed Vashnia
 32354 | Snake:5  | Slain by a shock serpent

Action                   |  1- 3 |  4- 6 |  7- 9 | 10-12 | 13-15 | 16-18 || total
-------------------------+-------+-------+-------+-------+-------+-------++-------
Melee: War axe           |    76 |   182 |   307 |   210 |       |       ||   775
       Broad axe         |       |       |       |   615 |  1264 |   371 ||  2250
Invok: Berserk           |       |       |    12 |    15 |    17 |     7 ||    51
       Brothers in Arms  |       |       |       |     1 |     6 |       ||     7
       Trog's Hand       |       |       |       |       |     3 |     2 ||     5
Evoke: Wand              |       |     2 |     3 |     2 |     6 |       ||    13
  Use: Scroll            |     5 |     2 |     8 |    12 |     8 |     1 ||    36
       Potion            |     3 |     2 |     7 |     3 |    13 |     2 ||    30
 Stab: Invisible         |       |       |     4 |       |       |       ||     4
       Distracted        |       |       |       |       |     2 |       ||     2

Vault maps used:
D:1:      saegor_arrival_simple_f, minmay_misc_feat_doors
D:2:      minmay_door_path, lemuel_blue_sif_altar, uniq_iyjb
D:3:      first_bread, minmay_tree_intersection
D:4:      bloody_trog
D:5:      kennysheep_mini, minmay_temple_entry_enclosed_plants, uniq_grinder
D:6:      cheibrodos_ashenzari_chains, roderic_serpentine_path
D:7:      lemuel_zombie_altar_yredelemnul, serial_shops, shop,
          nicolae_shop_behind_doors, nicolae_shop_competitors_out_of_business,
          uniq_prince_ribbit1, uniq_duvessa, uniq_edmund
D:8:      wad_cavern_with_rooms, good_gods_temple_1, grunt_dithmenos_shadows,
          grunt_rat_hole
D:9:      nicolae_overflow_hidden_temple, david_orc_2, feat_on_display
D:10:     minmay_lair_entry_grove, serial_shops, nicolae_shop_behind_doors
D:11:     serial_shops, nicolae_shop_statue_plus, minivault_24
D:12:     uniq_erolcha
D:13:     lightli_vaults_fourway_checkpoint, serial_park
D:14:     serial_shops, shop, enter_trove_5, minivault_26, uniq_maud,
          uniq_roxanne
D:15:     grunt_enter_depths_hoard, grunt_decor_fettered,
          portal_ice_cave_entry_animals_and_master
Lair:1:   serial_bayou_ford_a, kennysheep_slug_temple, lemuel_fruit_tree
Lair:2:   nicolae_volcano_entry_batcave, bh_autumn_forest_stairs,
          serial_bayou_shore_a
Lair:3:   serial_bayou_pond_a
Lair:4:   patterned_corridor
Lair:5:   minmay_swamp_entry_worms, roderic_ravens_nest,
          eino_small_chamber_without_monster
Lair:6:   guppyfry_snake_entry_garden, grunt_forest_small_clearing_treed,
          infiniplex_staircase_pool, uniq_erica
Lair:7:   minivault_25
Lair:8:   evilmike_catoblepas_cave, slime_altar_1, lab_entry_generic,
          uniq_rupert, uniq_nergalle, uniq_snorg
Snake:2:  uniq_azrael
Snake:3:  basic_altar, uniq_aizul
Snake:4:  serial_bayou_lagoon_a, spider_trap, grunt_ministairs_15
Snake:5:  minmay_snake_end_coiled, serial_bayou_lagoon_b, uniq_vashnia,
          uniq_kirke
